 Dungeon Crawl Stone Soup version 0.31-a0-210-gccc998df9b (webtiles) character file.

Game seed: 37329887881235965

148 qw the Chopper (level 5, -5/32 HPs)
             Began as a Gargoyle Fighter on June 29, 2023.
             Killed by divine providence
             ... invoked by an orc priest
              (14 damage)
             ... on level 3 of the Dungeon.
             The game lasted 00:01:00 (1913 turns).

qw the Chopper (Gargoyle Fighter)                   Turns: 1913, Time: 00:01:00

Health: -5/32      AC: 15    Str: 22    XL:     5   Next: 30%
Magic:  5/5        EV:  6    Int:  8    God:
Gold:   140        SH:  4    Dex:  9    Spells: 4/4 levels left

rFire   . . .        Y - +0 war axe (flame)
rCold   . . .        c - +0 buckler
rNeg    + . .        e - +0 plate armour
rPois   inf          (no helmet)
rElec   +            (no cloak)
rCorr   .            (no gloves)
SInv    .            (no boots)
Will    .....        (no amulet) Stlth
                     (no ring)
HPRegen 0.25/turn    (no ring)
MPRegen 0.09/turn

%: no passive effects
@: no status effects
A: sickness immunity, AC +4, negative energy resistance 1, electricity
resistance, torment resistance 1, petrification resistance
a: no special abilities


You were on level 3 of the Dungeon.
You visited 1 branch of the dungeon, and saw 3 of its levels.

You collected 140 gold pieces.


Innate Abilities, Weirdness & Mutations

You are immune to sickness and miasma.
Your stone body is resilient. (AC +4)
You are immune to poison.
You resist negative energy. (rN+)
You are resistant to electric shocks. (rElec)
You are resistant to unholy torment.
You are immune to petrification.


   Skills:
 - Level 3.2 Fighting
 + Level 4.8 Axes
 - Level 3.2 Armour
 - Level 3.2 Shields


You had 4 spell levels left.
You didn't know any spells.
Your spell library was empty.

Inventory:

Hand Weapons
 Y - a +0 war axe of flaming (weapon)
Armour
 c - a +0 buckler (worn)
 e - a +0 plate armour (worn)
Scrolls
 a - a scroll of noise {unknown}
 f - a scroll of identify
Potions
 b - a potion of mutation {unknown}
 d - a potion of might
 h - a potion of curing
 i - a potion of attraction {unknown}
 l - a potion of cancellation {unknown}

Dungeon Overview and Level Annotations

Branches:
Dungeon (3/15)

Altars:
Xom
Zin


Message History

Something hits you but does no damage.
1906 ||| DRINKING potion of heal wounds.
You feel much better. Something hits you.
The orc priest hits you but does no damage.
You barely miss the orc priest.
The orc priest is almost dead.
You slash something! You burn something. Something hits you but does no damage.
The orc priest mumbles some strange prayers to Beogh against you.
Beogh smites you!
You barely miss the orc priest.
The orc priest is almost dead.
You barely miss something. Something hits you but does no damage.
You block the orc priest's attack.
You closely miss the orc priest.
The orc priest is almost dead.
You barely miss something. Something hits you but does no damage.
The orc priest barely misses you.
You closely miss the orc priest.
The orc priest is almost dead.
You closely miss something. Something hits you but does no damage.
The orc priest hits you but does no damage.
The orc priest barely misses you. Something hits you but does no damage.
You closely miss the orc priest.
The orc priest is almost dead.
You hit something. You burn something.
Reactivating autopickup.
You feel a bit more experienced.
The orc priest hits you with a +0 hand axe.
You completely miss the orc priest.
The orc priest is almost dead.
The orc priest invokes the aid of Beogh against you.
Pain shoots through your body!
You closely miss the orc priest.
The orc priest is almost dead.
The orc priest mumbles some strange prayers to Beogh against you.
Beogh smites you!
You die...

.#..........#
#...........#
#........... #.........#
#.........# #.........#
##...)o....#
#....)@)...##
#...#+#.....+
##......######
........######
.............#
.............#
.............# #######
....#........##+##......
.............##.##......


You could see an orc priest.

Vanquished Creatures
  Terence (D:3)
  An orc wizard (D:3)
  3 adders
  A dart slug (D:1)
  5 orcs (D:3)
  6 ball pythons
  7 endoplasms
  3 giant cockroaches (D:1)
  2 goblins
  6 hobgoblins
  8 jackals
  2 quokkas
  3 bats
  2 frilled lizards (D:2)
  4 kobolds
  4 rats
58 creatures vanquished.

Notes
Turn   | Place    | Note
-------+----------+-------------------------------------------
     0 | D:1      | qw the Gargoyle Fighter began the quest for the Orb.
     0 | D:1      | Reached XP level 1. HP: 14/14 MP: 1/1
     0 | D:1      | 0 ||| qw: Version: 0.3-a-24-ga2abf7b
     0 | D:1      | 0 ||| qw: Game counter: 6877
     0 | D:1      | 0 ||| qw: Melee chars always use a shield: true
     0 | D:1      | 0 ||| qw: God list: Okawaru
     0 | D:1      | 0 ||| qw: Allow faded altars: false
     0 | D:1      | 0 ||| qw: Do Orc after clearing Dungeon:15 true
     0 | D:1      | 0 ||| qw: Do second Lair branch before Depths: true
     0 | D:1      | 0 ||| qw: Lair rune preference: random
     0 | D:1      | 0 ||| qw: Goals: Normal, Zot:1-4, Slime:5, God:TSO, Crypt,
                  | Tomb, Abyss, Pan, Hells, Win
     0 | D:1      | 0 ||| PLANNING D:1-11
    67 | D:1      | Reached skill level 2 in Axes
   113 | D:1      | Reached XP level 2. HP: 19/19 MP: 2/2
   114 | D:1      | 114 ||| Stepping ~*~*~tactically~*~*~ (stealth).
   236 | D:1      | Reached skill level 3 in Axes
   269 | D:1      | 269 ||| Stepping ~*~*~tactically~*~*~ (stealth).
   275 | D:1      | Reached XP level 3. HP: 23/23 MP: 3/3
   612 | D:1      | 612 ||| READING scroll labelled NUOHENOCAA.
   630 | D:1      | 630 ||| READING 2 scrolls labelled FINISS COMO.
   631 | D:1      | 631 ||| READING scroll labelled UCANEO WUBUD.
   726 | D:2      | 726 ||| FLEEEEING.
   727 | D:2      | 727 ||| FLEEEEING.
   728 | D:2      | 728 ||| FLEEEEING.
   729 | D:2      | 729 ||| FLEEEEING.
   730 | D:2      | 730 ||| FLEEEEING.
   731 | D:2      | 731 ||| FLEEEEING.
   732 | D:2      | 732 ||| FLEEEEING.
   893 | D:2      | Found a shimmering altar of Xom.
  1140 | D:2      | Reached XP level 4. HP: 28/28 MP: 4/4
  1545 | D:2      | 1545 ||| UPGRADING to +0 chain mail.
  1555 | D:2      | 1555 ||| DROPPING +0 scale mail.
  1556 | D:2      | 1556 ||| UPGRADING to +0 plate armour.
  1566 | D:2      | 1566 ||| DROPPING +0 chain mail.
  1567 | D:2      | 1567 ||| READING scroll labelled JAUTAL OPIRCHEJ.
  1568 | D:2      | 1568 ||| DROPPING +0 club.
  1569 | D:2      | 1569 ||| READING scroll labelled TAKKEAG VUJEU.
  1570 | D:2      | 1570 ||| READING 2 scrolls of identify.
  1570 | D:2      | 1570 ||| IDENTIFYING sedimented grey potion
  1733 | D:3      | Reached skill level 4 in Axes
  1792 | D:3      | Noticed Terence
  1793 | D:3      | 1793 ||| Stepping ~*~*~tactically~*~*~ (stealth).
  1808 | D:3      | Killed Terence
  1817 | D:3      | Found a glowing silver altar of Zin.
  1865 | D:3      | Reached XP level 5. HP: 30/32 MP: 5/5
  1905 | D:3      | HP: 7/32 [orc priest/divine providence (11)]
  1906 | D:3      | 1906 ||| DRINKING potion of heal wounds.
  1912 | D:3      | HP: 8/32 [orc priest/nerve-wracking pain (2)]
  1913 | D:3      | Killed from afar by an orc priest

Levels and vault maps discovered:
D:1:      dpeg_arrival_pits, layout_basic
D:2:      layout_loops_corners, basic_altar
D:3:      layout_basic, zin_statuary, mainiacjoe_overflow_concentric_impassable,
          minmay_misc_feat_hallway, uniq_terence

Skill      XL: |  1  2  3  4 |
---------------+-------------+-----
Axes           | 2 3 4 |  4.8
Fighting       | |  3.2
Armour         | |  3.2
Shields        | |  3.2

Action                     |  1- 3 |  4- 6 || total
---------------------------+-------+-------++-------
  Melee: War axe           |    84 |    63 ||   147
    Use: Scroll            |     3 |     3 ||     6
         Potion            |       |     1 ||     1
 Armour: Scale mail        |    53 |       ||    53
         Plate armour      |       |    53 ||    53
  Dodge: Dodged            |    35 |    17 ||    52
  Block: Buckler           |    13 |     5 ||    18

Table legend:
 A = Non-vault XP
 B = Vault XP
 C = Vault XP percentage of total XP
 D = Non-vault monster count
 E = Vault monster count
 F = Vault count percentage of total count
                 A         B        C        D         E       F
            +---------+---------+-------+---------+---------+-------
      Total |     176 |      36 |  17.0 |      57 |       1 |   1.7
            +---------+---------+-------+---------+---------+-------
        D:1 |      48 |       0 |   0.0 |      26 |       0 |   0.0
        D:2 |      43 |       0 |   0.0 |      13 |       0 |   0.0
        D:3 |      85 |      36 |  29.8 |      18 |       1 |   5.3
            +---------+---------+-------+---------+---------+-------
